 Dungeon Crawl Stone Soup version 0.30-b1-2-g02819fbbbe (webtiles) character file.

Game seed: 5281243627902307340

207 tilp the Sneak (level 5, -9/38 HPs)
             Began as a Vampire Enchanter on May 12, 2023.
             Was an Initiate of Wu Jian.
             Killed from afar by an acid dragon (29 damage)
             ... with a splash of acid
             ... on level 4 of the Dungeon.
             The game lasted 00:05:07 (2641 turns).

tilp the Sneak (Vampire Enchanter)                  Turns: 2641, Time: 00:05:07

Health: -9/38      AC:  3    Str:  7    XL:     5   Next: 54%
Magic:  7/9        EV: 12    Int: 20    God:    Wu Jian [......]
Gold:   39         SH:  5    Dex: 14    Spells: 2/10 levels left

rFire   . . .        a - +12 pair of quick blades "Gyre" and "Gimble" {protect}
rCold   . . .        (shield currently unavailable)
rNeg    . . .        f - +0 robe
rPois   .            s - +0 helmet
rElec   .            (no cloak)
rCorr   .            (no gloves)
SInv    +            (no boots)
Will    .....        t - amulet of reflection
Stlth   +++          j - ring of wizardry
HPRegen 0.46/turn    (no ring)
MPRegen 0.11/turn

%: reflection, wizardry (x1)
@: healing quickly
A: alive, fangs 3, see invisible, vampiric 2
a: Exsanguinate, Renounce Religion


You were on level 4 of the Dungeon.
You worshipped Wu Jian.
Wu Jian was noncommittal.
You visited 1 branch of the dungeon, and saw 4 of its levels.

You collected 95 gold pieces.
You spent 56 gold pieces at shops.

Inventory:

Hand Weapons
 a - the +12 pair of quick blades "Gyre" and "Gimble" (weapon) {protect}
   (You took it off an orc on level 3 of the Dungeon)
 b - a +1 dagger of speed
 i - a +1 dagger
 l - the +8 mithril axe "Arga" {speed, Will+}
   (You found it on level 2 of the Dungeon)

   Will:      It increases your willpower.
 o - a +2 dagger of venom
Missiles
 e - 16 stones (quivered)
 q - 3 boomerangs
Armour
 f - a +0 robe (worn)
 s - a +0 helmet (worn)
Jewellery
 j - a ring of wizardry (left hand)
 t - an amulet of reflection (around neck)
Scrolls
 h - a scroll of teleportation
Potions
 c - 4 potions of invisibility
 k - a potion of curing
 m - 2 potions of brilliance
 v - a potion of heal wounds


   Skills:
 * Level 1.9 Fighting
 * Level 3.0 Short Blades
 + Level 2.8 Dodging
 + Level 5.3 Stealth
 * Level 3.2 Spellcasting
 + Level 5.0 Hexes


You had 2 spell levels left.
You knew the following spells:

 Your Spells              Type           Power      Damage    Failure   Level
a - Ensorcelled Hibernat  Hex/Ice        26%        N/A       3%          2
b - Confusing Touch       Hex            23%        N/A       2%          3
c - Tukima's Dance        Hex            23%        N/A       2%          3

Your spell library contained the following spells:

 Spells                   Type           Power      Damage    Failure   Level
 Magic Dart               Conj           12%        1d3       6%          1
 Call Imp                 Summ           6%         N/A       9%          2
 Searing Ray              Conj           6%         2d4       9%          2
 Sublimation of Blood     Necr           3%         N/A       9%          2
 Wereblood                Tmut           3%         N/A       9%          2
 Dazzling Flash           Conj/Hex       26%        N/A       6%          3
 Mephitic Cloud           Conj/Pois/Air  3%         N/A       16%         3
 Fulminant Prism          Conj/Hex       6%         3d7       19%         4
 Summon Hydra             Summ           1%         N/A       100%        7


Dungeon Overview and Level Annotations

Branches:
Dungeon (4/15)
 Temple: D:4-7

Altars:
Wu Jian

Shops:
D:2 [!


Innate Abilities, Weirdness & Mutations

Your natural rate of healing is accelerated.
You have razor-sharp teeth.
You have supernaturally acute eyesight. (SInv)
You are afflicted with vampirism and can become a bat while bloodless.


Message History

Really abort (and waste the scroll)?
Okay, then.
As you read the scroll labelled XEQUXKY GATI, it crumbles to dust.
You feel momentarily disoriented.
It was a scroll of magic mapping.
Your surroundings suddenly seem different.
As you read the scroll labelled LUOLIT EZUNWAE, it crumbles to dust.
Magic quickly surges around you.
It was a scroll of vulnerability.
This spell is dangerous to cast!
Memorise Tukima's Dance, consuming 3 spell levels and leaving 2?
You start memorising the spell.
You continue memorising. x3
You finish memorising.
Spell assigned to 'c'.
Okay, then.
Unknown command.
Unknown command.
You start waiting.
You feel your willpower return.
(D) Dungeon
Where to? (Enter - D:3, ? - help)
There is a stone staircase leading down here.
You climb downwards.
Found a chain mail.
Found a stone staircase leading up.
There is a stone staircase leading up here.
An adder and an acid dragon come into view.
There are monsters nearby!
Found an escape hatch in the ceiling.
Found a stone staircase leading up.
Found a marble ring and a short lead wand.
Found a stone staircase leading down.
The acid dragon roars!
The adder hisses angrily.
The acid dragon spits acid at you. The splash of acid hits you!!
Casting: Ensorcelled Hibernation (safe; 3% risk of failure)
Confirm with . or Enter, or press ? or * to list all spells.
Aiming: Ensorcelled Hibernation (safe; 3% risk of failure)
Press: ? - help, Shift-Dir - straight line, f - adder
Aim: an adder (chance to affect: 55%)
The adder looks drowsy...
The acid dragon spits acid at you. The splash of acid hits you!!
Ouch! That really hurt!
You die...

.#........>##
..../.......#
#........<..#
#...........#
#...S.D....#
#........<.#
##.........#
..=....@..#
.#..###..##
#.?.######
#.#......#
#.###....# #.
#....# ..
##...# ..
#..[# #.#
#...#


You could see an acid dragon (catching breath) and an adder (asleep).

Vanquished Creatures
  A sleepcap (D:2)
  2 orc wizards (D:3)
  5 adders
  3 worms (D:2)
  3 dart slugs (D:1)
  8 orcs (D:3)
  5 endoplasms
  3 giant cockroaches (D:1)
  4 goblins
  5 hobgoblins
  2 jackals (D:2)
  2 quokkas (D:1)
  7 ball pythons
  5 bats
  2 frilled lizards (D:1)
  7 kobolds
  4 rats
68 creatures vanquished.

Vanquished Creatures (others)
  3 plants (D:2)
3 creatures vanquished.

Grand Total: 71 creatures vanquished

Notes
Turn   | Place    | Note
-------+----------+-------------------------------------------
     0 | D:1      | tilp the Vampire Enchanter began the quest for the Orb.
     0 | D:1      | Reached XP level 1. HP: 13/13 MP: 3/3
   120 | D:1      | Reached XP level 2. HP: 7/20 MP: 5/5
   125 | D:1      | Learned a level 2 spell: Ensorcelled Hibernation
   595 | D:1      | Gained mutation: You are afflicted with vampirism and can
                  | become a bat while bloodless. [Vampire growth]
   595 | D:1      | Reached XP level 3. HP: 14/25 MP: 2/6
  1021 | D:2      | Reached skill level 1 in Fighting
  1080 | D:2      | Found Ehuel's Armour Shop.
  1251 | D:2      | Learned a level 3 spell: Confusing Touch
  1271 | D:2      | Found the +8 mithril axe "Arga" {speed, Will+}
  1278 | D:2      | Found Koeps's Distillery.
  1287 | D:2      | Bought a potion of degeneration for 14 gold pieces
  1287 | D:2      | Bought a potion of curing for 42 gold pieces
  1384 | D:2      | Reached XP level 4. HP: 25/32 MP: 5/8
  1388 | D:2      | HP: 1/32 [sleepcap (8)]
  1718 | D:2      | Reached skill level 5 in Stealth
  1865 | D:3      | Reached skill level 5 in Hexes
  1865 | D:3      | Reached XP level 5. HP: 37/37 MP: 6/9
  2157 | D:3      | Found an ornate altar of the Wu Jian Council.
  2171 | D:3      | Became a worshipper of the Wu Jian Council
  2573 | D:3      | Learned a level 3 spell: Tukima's Dance
  2637 | D:4      | Noticed an acid dragon
  2641 | D:4      | Killed from afar by an acid dragon

Illustrated notes

Levels and vault maps discovered:
D:1:      lemuel_arrival_broad_hall, layout_loops_ring
D:2:      layout_loops_ring, serial_forest, infiniplex_forest_lined_2,
          infiniplex_forest_end_1, infiniplex_forest_clump_tiny,
          infiniplex_forest_end_1, infiniplex_forest_zigzag_2,
          infiniplex_forest_corner_1, infiniplex_forest_end_1,
          infiniplex_forest_clump_C, infiniplex_forest_clump_curved,
          serial_shops, nicolae_shop_peninsula,
          nicolae_shop_tiny_real_fake_doors, dreamdust_princess_corridor
D:3:      layout_loops_cross, nicolae_wu_jian_wuxing_cycle
D:4:      layout_rooms, nicolae_sif_muna_condensation,
          minmay_temple_entry_proselytizer

Skill      XL: |  1  2  3  4  5 |
---------------+----------------+-----
Short Blades   | 2 3 |  3.0
Fighting       | 1 |  1.9
Stealth        | 5 |  5.3
Spellcasting   | 3 |  3.2
Hexes          | 5 |  5.0
Dodging        | |  2.8

Action                     |  1- 3 |  4- 6 || total
---------------------------+-------+-------++-------
  Melee: Dagger            |    94 |    36 ||   130
         Bite              |     9 |     1 ||    10
         Punch             |     1 |     1 ||     2
         Pair of quick bla |       |     8 ||     8
   Cast: Ensorcelled Hiber |     6 |    10 ||    16
         Confusing Touch   |       |     1 ||     1
Ability: Lunge             |       |     1 ||     1
    Use: Scroll            |     2 |     8 ||    10
         Potion            |     1 |     1 ||     2
   Stab: Sleeping          |    15 |    14 ||    29
         Distracted        |     1 |       ||     1
         Confused          |       |     2 ||     2
 Armour: Robe              |     7 |       ||     7
  Dodge: Dodged            |    36 |    22 ||    58
  Block: Other             |       |     1 ||     1
